Map: Tokamak LE

Players

Krystianer

  • Race: Protoss Protoss
  • League: Master
  • Spawn Location: 1:00

LiquidClem (Clem) - Winner!

  • Race: Terran Terran
  • Spawn Location: 7:00

Event: FEL Cracov 2025

VOD

Have the link to the VOD?

Description

Time

  • Played on: July 27, 2025, 8:34 a.m.
  • Length: 8:36

All games in this series

Show
View Real Time Build Order
Export as new Build Order

Krystianer Protoss 

Build Orders: 1 Gate Expand, Blink Stalkers 

Get SALT Encoding   

  12  0:00  Probe  
  13  0:12  Probe  
  14  0:17  Pylon  
  14  0:23  Probe  
  15  0:31  Probe  
  16  0:39  Gateway, Probe  
  16  0:47  Assimilator  
  17  0:51  Probe  
  18  1:03  Probe  
  19  1:15  Probe  
  20  1:25  Cybernetics Core  
  20  1:33  Nexus  
  20  1:36  Probe  
  21  1:43  Pylon  
  21  1:49  Probe  
  21  1:51  Assimilator, Adept  
  22  2:01  Probe  
  23  2:03  Warp Gate  
  25  2:11  Adept  
  25  2:13  Probe  
  28  2:25  Probe  
  29  2:30  Twilight Council  
  29  2:37  Probe  
  29  2:39  Blink  
  29  2:42  Stalker  
  30  2:45  Probe  
  30  2:51  Probe  
  34  2:57  Probe  
  35  3:03  Probe  
  36  3:09  Probe  
  35  3:15  Probe  
  36  3:22  Probe  
  36  3:23  Gateway  
  35  3:27  Probe  
  35  3:28  Gateway  
  35  3:31  Robotics Facility  
  35  3:34  Probe  
  37  3:39  Probe  
  38  3:44  Pylon  
  38  3:46  Probe  
  39  3:51  Stalker, Probe  
  42  4:00  Nexus  
  42  4:02  Probe  
  43  4:04  Probe  
  44  4:10  Shield Battery  
  44  4:12  Assimilator  
  44  4:14  Probe  
  44  4:16  Probe  
  46  4:18  Stalker  
  48  4:27  Probe  
  42  4:31  Probe  
  42  4:37  Stalker  
  42  4:38  Stalker  
  47  4:39  Probe  
  47  4:44  Pylon, Probe  
  49  4:50  Probe  
  50  4:56  Probe  
  50  4:58  Probe, Gateway  
  50  4:59  Charge  
  51  5:04  Observer  
  51  5:05  Stalker  
  51  5:07  Probe, Stalker  
  55  5:08  Probe  
  55  5:09  Probe  
  60  5:16  Probe  
  60  5:17  Probe  
  60  5:18  Probe  
  63  5:24  Probe  
  63  5:27  Stalker  
  67  5:28  Immortal  
  67  5:29  Stalker  
  67  5:35  Probe, Shield Battery  
  72  5:38  Probe  
  74  5:44  Stalker  
  74  5:45  Probe  
  74  5:46  Pylon  
  77  5:59  Immortal  
  77  6:03  Probe  
  76  6:05  Probe  
  76  6:07  Stalker x2  
  76  6:10  Pylon  
  85  6:18  Pylon  
  85  6:25  Gateway  
  85  6:26  Gateway  
  85  6:27  Immortal  
  85  6:28  Probe x2  
  87  6:36  Stalker x3  
  97  6:41  Zealot  
  97  6:45  Probe  
  93  7:00  Gateway  
  93  7:01  Zealot x4  
  99  7:02  Gateway  
  99  7:07  Pylon  
  101  7:11  Gateway  
  101  7:12  Gateway  
  101  7:16  Pylon  
  101  7:18  Pylon  
  101  7:21  Forge  
  101  7:25  Observer, Sentry  
  101  7:28  Zealot x2  
  108  7:33  Zealot  
  108  7:39  Zealot x2  
  110  7:49  Zealot x3  
  104  7:56  Pylon, Zealot x3  
  104  7:57  Pylon  
  97  8:05  Pylon  
  97  8:08  Pylon, Zealot  
  93  8:18  Zealot x5  
  95  8:25  Zealot x2  
  56  8:29  Zealot  
Show
View Real Time Build Order
Export as new Build Order

LiquidClem Terran - Winner!

Build Orders:  

Get SALT Encoding   

  12  0:00  SCV  
  13  0:12  SCV  
  14  0:16  Supply Depot  
  14  0:24  SCV  
  15  0:38  SCV  
  15  0:40  Barracks  
  15  0:42  Refinery  
  16  0:50  SCV  
  17  1:02  SCV  
  18  1:14  SCV  
  19  1:27  Orbital Command  
  20  1:35  Command Center  
  20  1:38  Marine  
  20  1:50  Factory  
  20  1:53  SCV  
  21  2:01  Barracks Reactor  
  21  2:03  Supply Depot  
  21  2:07  SCV  
  22  2:11  Refinery  
  22  2:19  SCV  
  23  2:31  SCV  
  23  2:34  Hellion  
  26  2:37  Starport  
  26  2:38  Marine x2  
  26  2:43  SCV  
  29  2:48  Orbital Command  
  29  2:55  SCV  
  32  2:58  Widow Mine  
  32  2:59  Marine  
  32  3:00  Marine  
  34  3:07  SCV  
  33  3:14  Medivac  
  33  3:16  SCV  
  33  3:19  SCV  
  36  3:20  Marine x2  
  36  3:22  Widow Mine  
  40  3:28  SCV, Supply Depot  
  40  3:31  SCV  
  42  3:36  Barracks  
  42  3:39  Marine x2  
  44  3:42  SCV  
  44  3:44  SCV  
  44  3:46  Factory Tech Lab  
  44  3:47  Starport Tech Lab  
  46  3:56  SCV  
  46  3:57  SCV  
  46  4:00  Marine x2, Supply Depot  
  50  4:05  Siege Tank  
  53  4:11  SCV  
  54  4:19  SCV  
  54  4:22  Banshee  
  54  4:23  Marine, SCV  
  60  4:31  SCV  
  60  4:34  Marine  
  60  4:35  Marine  
  60  4:36  SCV, Barracks  
  60  4:37  Supply Depot  
  60  4:42  Siege Tank  
  60  4:43  SCV  
  64  4:45  Supply Depot  
  64  4:46  Marine  
  64  4:47  Refinery  
  64  4:48  SCV  
  66  4:54  Engineering Bay  
  66  4:55  SCV  
  66  4:57  Marine  
  66  4:58  Marine  
  69  5:00  SCV, Supply Depot  
  69  5:04  Marine  
  69  5:05  Banshee  
  74  5:13  SCV  
  76  5:15  Refinery, Marine  
  76  5:17  Siege Tank, Marine  
  76  5:20  SCV  
  79  5:23  Terran Infantry Weapons Level 1  
  79  5:24  Marine  
  79  5:27  Marine  
  81  5:31  Supply Depot  
  81  5:33  SCV  
  81  5:34  SCV, Marine  
  84  5:37  Marine  
  84  5:42  Marine  
  84  5:49  Siege Tank  
  86  5:52  Marine  
  84  5:58  Starport Reactor  
  84  6:00  Barracks Tech Lab, Stimpack  
  84  6:01  Marauder  
  84  6:04  Barracks  
  84  6:05  Barracks, Marine  
  84  6:06  Supply Depot  
  84  6:11  Marine  
  85  6:15  Supply Depot  
  86  6:19  Combat Shield  
  86  6:20  Marauder  
  86  6:21  Siege Tank  
  86  6:23  Marine  
  92  6:28  Marauder  
  92  6:29  Marine  
  92  6:30  Supply Depot  
  95  6:35  Medivac  
  95  6:36  Medivac  
  96  6:41  Marine  
  96  6:44  Marauder  
  96  6:45  Supply Depot  
  99  6:49  Marauder, Marine  
  99  6:53  Marine x2  
  104  6:56  Siege Tank  
  104  7:00  Marine  
  105  7:03  Supply Depot  
  105  7:06  Marauder  
  105  7:07  Marine  
  108  7:09  Medivac, Supply Depot  
  108  7:13  Marine x2  
  108  7:15  Marauder  
  114  7:18  Marine  
  114  7:25  Marine  
  114  7:28  Siege Tank  
  116  7:32  Medivac  
  116  7:35  Marine x2  
  116  7:36  Marine  
  121  7:41  Marauder  
  119  7:45  Marine  
  119  7:51  Marine  
  113  7:55  Medivac  
  114  7:59  Marine  
  114  8:02  Marine  
  116  8:09  Marine x2  
  116  8:10  Marine  
Tags
 
Add a new tag
Caveats
  • Supply blocks, unpowered buildings, or Contaminate may cause inaccurate times.
  • Supply counts are checked every 10 seconds.